 Dungeon Crawl Stone Soup version 0.21-a0-516-gaaff437 (webtiles) character file.

560 4thArraOfDagon the Bolt Thrower (level 7, -5/46 HPs)
             Began as a Halfling Wanderer on Dec 3, 2017.
             Was an Initiate of Ru.
             Splashed by Ijyb's acid (10 damage)
             ... on level 5 of the Dungeon.
             The game lasted 00:06:33 (1390 turns).

4thArraOfDagon the Bolt Thrower (Halfling Wanderer) Turns: 1390, Time: 00:06:34

Health: -5/46      AC:  2    Str: 12    XL:     7   Next: 57%
Magic:  7/7        EV: 12    Int: 10    God:    Ru [......]
Gold:   144        SH:  0    Dex: 17    Spells: 6/6 levels left

rFire    . . .     SeeInvis .   a - +2 hand crossbow
rCold    . . .     Gourm    .   (shield restricted)
rNeg     . . .     Faith    .   s - +0 ring mail
rPois    .         Spirit   .   (no helmet)
rElec    .         Reflect  .   (no cloak)
rCorr    .         Harm     .   (no gloves)
MR       +....                  (no boots)
Stlth    ++........             (no amulet)
HPRegen  0.15/turn              n - ring of protection from magic
MPRegen  0.10/turn              (no ring)

@: corroded
A: small, mutation resistance 1
a: Renounce Religion


You were on level 5 of the Dungeon.
You worshipped Ru.
Ru was noncommittal.
You were not hungry.

You visited 1 branch of the dungeon, and saw 5 of its levels.
You also visited: Sewer.

You collected 144 gold pieces.

Inventory:

Hand Weapons
 a - a +2 hand crossbow (weapon)
 f - a +0 dagger
Missiles
 b - 38 bolts (quivered)
Armour
 e - a +1 robe
 s - a +0 ring mail (worn)
Jewellery
 n - a ring of protection from magic (left hand)
Scrolls
 c - 3 scrolls of teleportation
 h - 2 scrolls of enchant weapon {unknown}
 k - a scroll of immolation {unknown}
 m - a scroll of fear {unknown}
 o - a scroll of remove curse {unknown}
 r - a scroll of fog {unknown}
 u - a scroll of identify
Potions
 i - a potion of degeneration
 j - a potion of brilliance
 l - a potion of heal wounds
 p - 2 potions of haste
Books
 t - a book of Minor Magic

   Spells                             Type                      Level
   a - Magic Dart                     Conjuration                  1
   b - Blink                          Translocation                2
   c - Call Imp                       Summoning                    2
   d - Slow                           Hexes                        2
   e - Conjure Flame                  Conjuration/Fire             3
   f - Mephitic Cloud                 Conjuration/Poison/Air       3
Comestibles
 d - a meat ration
 g - 4 bread rations


   Skills:
 - Level 3.2 Fighting
   Level 1.0 Maces & Flails
 + Level 7.5 Crossbows
 - Level 4.4 Armour
 - Level 2.1 Stealth


You had 6 spell levels left.
You didn't know any spells.

Dungeon Overview and Level Annotations

Branches:
Dungeon (5/15)
 Temple: D:4-7

Altars:
Elyvilon
Kikubaaqudgha
Ru
Uskayaw
Yredelemnul

Annotations:
D:5 Ijyb


Innate Abilities, Weirdness & Mutations

You are small and have problems with some larger weapons.
You are somewhat resistant to further mutation.


Message History

Unknown command.
Firing (i - inventory):
b - 41 bolts (quivered)
Press: ? - help, Shift-Dir - straight line, f/p - Ijyb
Aim: Ijyb, wielding a club and wearing a leather armour You shoot a bolt.
The bolt misses Ijyb.
Unknown command.
Firing (i - inventory):
b - 40 bolts (quivered)
Press: ? - help, Shift-Dir - straight line, f/p - Ijyb
Aim: Ijyb, wielding a club and wearing a leather armour You shoot a bolt.
The bolt barely misses Ijyb.
Unknown command.
Firing (i - inventory):
b - 39 bolts (quivered)
Press: ? - help, Shift-Dir - straight line, f/p - Ijyb
Aim: Ijyb, wielding a club and wearing a leather armour You shoot a bolt.
The bolt hits Ijyb.
Ijyb is lightly wounded.
Ijyb zaps a wand.
The bolt of acid hits you!
* * * LOW HITPOINT WARNING * * *
The acid corrodes you!
You are splashed with acid!
The acid burns!
You die...

#....(.# +......+
#......# #......#
+....g<# #......##
#.......###
#....@....#####+###
#.......#.........#
....#####...........#
... #..............#
. #.###.######'######
# #.^............
##.#####.######
#.#####.######
#.............


You could see Ijyb.

Vanquished Creatures
  A phantom (D:4)
  An ogre (D:3)
  A centaur (D:5)
  A howler monkey (D:5)
  2 crimson imps (D:5)
  An orc priest (D:3)
  A worker ant (D:5)
  7 adders
  A shadow imp (D:5)
  4 worms
  2 leopard geckos
  9 orcs
  5 ball pythons
  4 giant cockroaches
  5 goblins
  5 hobgoblins
  5 jackals
  2 quokkas
  5 bats
  A frilled lizard (D:2)
  8 kobolds
  A leopard gecko skeleton (D:5)
  5 rats
77 creatures vanquished.

Notes
Turn   | Place    | Note
-------+----------+-------------------------------------------
     0 | D:1      | 4thArraOfDagon the Halfling Wanderer began the quest for the Orb.
     0 | D:1      | 4thArraOfDagon set off with: a +2 hand crossbow, 26 bolts, a scroll of teleportation, a potion of lignification, a +0 robe, a +0 dagger, a bread ration
     0 | D:1      | Reached XP level 1. HP: 14/14 MP: 1/1
    91 | D:2      | Found a basalt altar of Yredelemnul.
    93 | D:2      | Reached XP level 2. HP: 19/19 MP: 2/2
   166 | D:2      | Reached XP level 3. HP: 25/25 MP: 3/3
   281 | D:2      | Reached XP level 4. HP: 29/31 MP: 4/4
   304 | D:2      | Reached skill level 2 in Crossbows
   518 | D:3      | Reached skill level 3 in Crossbows
   518 | D:3      | Reached XP level 5. HP: 26/36 MP: 5/5
   557 | D:3      | HP: 2/54 [quokka (3)]
   696 | D:3      | Noticed an ogre
   700 | D:3      | Killed an ogre
   700 | D:3      | Reached skill level 5 in Crossbows
   700 | D:3      | Reached XP level 6. HP: 23/42 MP: 6/6
   753 | D:3      | Found a hide-covered altar of Uskayaw.
   757 | D:3      | Found a white marble altar of Elyvilon.
   852 | D:3      | Found a sacrificial altar of Ru.
   864 | D:3      | Became a worshipper of Ru the Awakened
   926 | D:4      | Noticed a phantom
   935 | D:4      | Killed a phantom
   935 | D:4      | Reached skill level 6 in Crossbows
   983 | D:4      | Found an ancient bone altar of Kikubaaqudgha.
  1067 | D:4      | Found a glowing drain.
  1100 | Sewer    | Entered a sewer
  1149 | D:5      | Entered Level 5 of the Dungeon
  1170 | D:5      | Reached XP level 7. HP: 40/46 MP: 7/7
  1274 | D:5      | Reached skill level 7 in Crossbows
  1386 | D:5      | Noticed Ijyb
  1390 | D:5      | Splashed by Ijyb's acid

Vault maps used:
D:1:      matt_arrival_spirals
D:2:      lemuel_crystal_altar, hangedman_abyss_or_decor_lesser_grid
D:3:      nicolae_ru_awakened_eye, nicolae_dithmenos_through_a_glass_darkly,
          chequers_temple_overflow_statue_of_worship
D:4:      cheibrodos_quashed, kiku_gazebo_garden_becter,
          grunt_temple_overflow_open, cheibrodos_sewer_entry_sluice,
          grunt_decor_mini_mirrors
D:5:      minmay_temple_entry_nine_rooms, first_bread, uniq_ijyb
Sewer:    sewer_co_scattered_pipes

Skill      XL: |  1  2  3  4  5  6  7 |
---------------+----------------------+-----
Fighting       | 2 3 |  3.2
Crossbows      | 3 5 6 7 |  7.5
Maces & Flails | |  1.0
Armour         | |  4.4
Stealth        | |  2.1

Action                   |  1- 3 |  4- 6 |  7- 9 || total
-------------------------+-------+-------+-------++-------
 Fire: Hand crossbow     |    38 |   117 |    25 ||   180
  Use: Potion            |       |     3 |       ||     3
       Scroll            |       |     8 |       ||     8
  Eat: Chunk             |       |       |     1 ||     1
Armor: Robe              |       |     3 |       ||     3
       Skin              |       |    53 |       ||    53
Dodge: Dodged            |     5 |    37 |     1 ||    43

Table legend:
 A = Spawn XP
 B = Non-spawn XP
 C = Spawn XP percentage of total XP
 D = Spawn monster count
 E = Non-spawn monster count
 F = Spawn count percentage of total count
 G = Total turns spent on level
                    A         B        C        D         E        F      G
               +---------+---------+-------+---------+---------+-------+---------
         Total |       0 |     801 |   0.0 |       0 |      77 |   0.0 |  1390
               +---------+---------+-------+---------+---------+-------+---------
           D:1 |       0 |       9 |   0.0 |       0 |       7 |   0.0 |   106
           D:2 |       0 |      90 |   0.0 |       0 |      21 |   0.0 |   423
           D:3 |       0 |     218 |   0.0 |       0 |      27 |   0.0 |   367
           D:4 |       0 |     162 |   0.0 |       0 |      11 |   0.0 |   250
           D:5 |       0 |     322 |   0.0 |       0 |      11 |   0.0 |   241
               +---------+---------+-------+---------+---------+-------+---------
